 Dungeon Crawl Stone Soup version 0.20.0-15-g7f486f2 (webtiles) character file.

114 Inarius the Digger (level 4, -3/26 HPs)
             Began as a Gargoyle Earth Elementalist on June 27, 2017.
             Slain by an orc
             ... wielding a +0 war axe
              (4 damage)
             ... on level 2 of the Dungeon.
             The game lasted 00:05:17 (2197 turns).

Inarius the Digger (Gargoyle Earth Elementalist)    Turns: 2197, Time: 00:05:18

Health: -3/26      AC:  5    Str: 12    XL:     4   Next: 98%
Magic:  4/8        EV: 11    Int: 16    God:
Gold:   157        SH:  3    Dex: 10    Spells: 4/8 levels left

rFire    + . .     SeeInvis .   h - +1 dagger (vamp)
rCold    . . .     Gourm    .   p - +0 buckler
rNeg     + + .     Faith    .   c - +0 robe
rPois    ∞         Spirit   .   (no helmet)
rElec    +         Reflect  .   (no cloak)
rCorr    .         Harm     .   (no gloves)
MR       .....                  (no boots)
Stlth    ++........             (no amulet)
Regen    0.1/turn               f - ring of protection from fire
MPRegen  0.2/turn               o - ring of positive energy

@: no status effects
A: negative energy resistance 1, electricity resistance, unbreathing,
petrification resistance, rot immunity, AC +3
a: no special abilities


You were on level 2 of the Dungeon.
You were hungry.

You visited 1 branch of the dungeon, and saw 3 of its levels.

You collected 157 gold pieces.

Inventory:

Hand Weapons
 h - a +1 vampiric dagger (weapon)
Missiles
 b - 55 stones (quivered)
Armour
 c - a +0 robe (worn)
 p - a +0 buckler (worn)
Jewellery
 f - a ring of protection from fire (left hand)
 k - an uncursed ring of protection from fire
 n - an uncursed ring of ice
 o - a ring of positive energy (right hand)
Scrolls
 a - 2 scrolls of remove curse
 g - a scroll of recharging {unknown}
 j - a scroll of teleportation
 l - a scroll of enchant weapon {unknown}
Potions
 i - a potion of degeneration {unknown}
 m - a potion of flight {unknown}
Books
 e - a book of Geomancy

   Spells                             Type                      Level
   a - Sandblast                      Earth                        1
   b - Passwall                       Transmutation/Earth          2
   c - Stone Arrow                    Conjuration/Earth            3
   d - Petrify                        Transmutation/Earth          4
   e - Lee's Rapid Deconstruction     Earth                        5
Comestibles
 d - 2 bread rations


   Skills:
 * Level 1.9 Fighting
 - Level 0.3 Short Blades
 * Level 1.4 Armour
 - Level 1.5 Dodging
 - Level 2.1 Stealth
 * Level 0.4 Shields
 + Level 2.9 Spellcasting
   Level 0.7 Transmutations
 + Level 4.7 Earth Magic


You had 4 spell levels left.
You knew the following spells:

 Your Spells              Type           Power        Failure   Level  Hunger
a - Sandblast             Erth           ###...       4%          1    #......
b - Stone Arrow           Conj/Erth      ##....       32%         3    ###....


Dungeon Overview and Level Annotations

Branches:
Dungeon (3/15)

Altars:
Dithmenos
Elyvilon
Kikubaaqudgha
Makhleb
Trog
The Shining One

Annotations:
D:3 Inarius's ghost, amateur GrEE


Innate Abilities, Weirdness & Mutations

You are resistant to torment.
Your stone body is resilient. (AC +3)
You are immune to poison.
You resist negative energy. (rN+)
You are resistant to electric shocks. (rElec)
You can survive without breathing.
You are immune to petrification.
You are immune to rotting.


Message History

The orc hits you with a war axe!
* * * LOW HITPOINT WARNING * * *
Casting: Sandblast
Confirm with . or Enter, or press ? or * to list all spells.
Aiming: Sandblast
Press: ? - help, Shift-Dir - straight line, f/p - orc
Aim: an orc, wielding a war axe and wearing a chain mail (moderately wounded)
The blast of sand hits the orc.
The orc is moderately wounded.
b - 56 stones You block the orc's attack.
Casting: Sandblast
Confirm with . or Enter, or press ? or * to list all spells.
Aiming: Sandblast
Press: ? - help, Shift-Dir - straight line, f/p - orc
Aim: an orc, wielding a war axe and wearing a chain mail (moderately wounded)
The blast of sand misses the orc.
b - 55 stones The orc hits you with a war axe.
You die...

######## #.....#..#..#.####
.......# #.....##...##....#
######.#####......##.######.#
###..............###_# #.#
.......#######...# ### #.#
###.##.# #.### ###.#####
.......## ##+## #........
###(....# ##...## ##.#.####. #
####..# ##....@## #.........
####.#..###.....o>## ##..#..###.
........##.........####...##.###.
##.......'.........'.............
##...#.##.........####.<.######.
##.##.###.......## #......>...
####.# ##.....## #..........
##.## ##...## #.######### ##...#
##'## #.#


You could see an orc.

Vanquished Creatures
  6 adders (D:2)
  A worm (D:2)
  3 dart slugs (D:1)
  4 orcs (D:3)
  2 bats (D:2)
  7 goblins
  7 hobgoblins
  4 jackals (D:1)
  A ball python (D:1)
  9 kobolds
  3 rats
47 creatures vanquished.

Notes
Turn   | Place    | Note
-------+----------+-------------------------------------------
     0 | D:1      | Inarius the Gargoyle Earth Elementalist began the quest for the Orb.
     0 | D:1      | Reached XP level 1. HP: 10/10 MP: 3/3
   169 | D:1      | Reached skill level 4 in Earth Magic
   236 | D:1      | Reached XP level 2. HP: 15/15 MP: 3/5
   733 | D:1      | Reached XP level 3. HP: 18/20 MP: 3/6
  1065 | D:2      | Learned a level 3 spell: Stone Arrow
  1080 | D:2      | Reached skill level 1 in Fighting
  1080 | D:2      | Reached skill level 1 in Armour
  1253 | D:2      | Reached XP level 4. HP: 25/25 MP: 8/8
  1293 | D:2      | Found a shadowy altar of Dithmenos.
  1712 | D:2      | Found a glowing golden altar of the Shining One.
  1712 | D:2      | Found a white marble altar of Elyvilon.
  1717 | D:2      | Found a burning altar of Makhleb.
  1719 | D:2      | Found an ancient bone altar of Kikubaaqudgha.
  1721 | D:2      | Found a bloodstained altar of Trog.
  2145 | D:3      | Noticed Inarius's ghost (amateur GrEE)
  2194 | D:2      | HP: 1/26 [orc/war axe (9)]
  2197 | D:2      | Slain by an orc

Skill      XL: |  1  2  3 |
---------------+----------+-----
Earth Magic    | 4 |  4.7
Fighting       | 1 |  1.9
Armour         | 1 |  1.4
Short Blades   | |  0.3
Dodging        | |  1.5
Stealth        | |  2.1
Shields        | |  0.4
Spellcasting   | |  2.9
Transmutations | |  0.7

Action                   |  1- 3 |  4- 6 || total
-------------------------+-------+-------++-------
Melee: Dagger            |   102 |    96 ||   198
 Cast: Sandblast         |    21 |     9 ||    30
  Use: Scroll            |       |     2 ||     2
 Stab: Sleeping          |     4 |     1 ||     5
  Eat: Chunk             |     2 |     2 ||     4
       Bread ration      |     1 |       ||     1
Armor: Robe              |    34 |    25 ||    59
Dodge: Dodged            |    64 |    36 ||   100
Block: Buckler           |     1 |    15 ||    16
